AoeStats
← HR nomadplayer

Oasis

507645279Analyzed
4v4 RM · 12d ago on Sep 19, 2026· 46m 24s· 8 players
Game mode
Random Map
Map size
Large (8 player)
Population
200
Speed
Normal
Resources
Standard
Victory
Conquest
Starting age
Dark Age
Ending age
Imperial Age
RankedLock teamsTeams togetherTeam positionsShared explorationLock speedFull tech treeHidden civsTurbo modeCheats
Victory
Defeat
🇨🇱 Italians · Chile
1869
+5
1575
+15
🇨🇱 Armenians · Chile
1557
+16
1506
+17
🇨🇴 Spanish · Colombia
1646
-17
🇨🇴 Franks · Colombia
1570
-13
🇨🇴 Japanese · Colombia
1528
-12
🇨🇴 Britons · Colombia
1514
-11
VLC | DeaH
11:21 Feudal Age
11:27 Loom
15:10 Castle Age
14:02 Double-Bit Axe
13:59 Horse Collar
16:18 Padded Archer Armor
21:46 Leather Archer Armor
24:56 Wheelbarrow
26:14 Hand Cart
27:05 Town Watch
27:31 Fletching
29:39 Bow Saw
29:34 Heavy Plow
34:16 Imperial Age
32:11 Stone Mining
32:20 Gold Mining
32:56 Bloodlines
33:48 Bodkin Arrow
34:43 Ballistics
34:59 Stone Shaft Mining
35:06 Scale Barding Armor
36:06 Chemistry
35:38 Bracer
36:20 Conscription
36:38 Ring Archer Armor
35:43 Elite Skirmisher
37:12 Elite Conquistador
40:05 Supremacy
40:04 Masonry
43:58 Architecture
43:50 Bombard Tower
45:04 Guard Tower
45:00 Arrowslits
VLC | SnowBall
6:27 Loom
9:03 Feudal Age
9:38 Double-Bit Axe
16:20 Horse Collar
21:35 Castle Age
19:39 Gold Mining
20:36 Scale Barding Armor
20:48 Bloodlines
22:00 Forging
22:16 Husbandry
23:23 Chain Barding Armor
32:05 Heavy Plow
33:02 Wheelbarrow
32:13 Town Watch
35:24 Pikeman
36:06 Squires
40:53 Imperial Age
VLC | _Sr Mike_
11:01 Feudal Age
16:20 Castle Age
14:20 Loom
17:24 Castle Age
23:37 Double-Bit Axe
25:13 Bow Saw
26:46 Wheelbarrow
28:12 Scale Barding Armor
28:08 Gold Mining
30:07 Chain Barding Armor
29:57 Husbandry
30:36 Forging
33:00 Hand Cart
34:33 Gold Shaft Mining
34:19 Town Watch
35:41 Iron Casting
41:27 Imperial Age
39:21 Stone Mining
41:31 Cavalier
42:48 Plate Barding Armor
42:38 Conscription
43:41 Blast Furnace
43:45 Paladin
44:55 Chivalry
VLC | GreenIsland
3:31 Loom
9:23 Feudal Age
14:00 Fletching
16:25 Horse Collar
19:23 Wheelbarrow
23:26 Castle Age
22:20 Double-Bit Axe
23:51 Padded Archer Armor
23:34 Crossbowman
24:12 Bodkin Arrow
25:58 Leather Archer Armor
27:08 Ballistics
30:05 Heavy Plow
36:08 Imperial Age
36:54 Bracer
36:53 Arbalester
[CL] Guatona, Guatona qla fea
6:35 Loom
9:13 Feudal Age
10:36 Double-Bit Axe
10:35 Horse Collar
20:17 Castle Age
18:10 Double-Bit Axe
18:18 Gold Mining
21:17 Heavy Plow
21:34 Bow Saw
22:14 Wheelbarrow
27:10 Hand Cart
28:58 Stone Mining
31:59 Imperial Age
32:11 Imperial Age
29:56 Scale Barding Armor
30:01 Forging
31:10 Bloodlines
31:00 Husbandry
31:22 Chain Barding Armor
31:50 Caravan
32:28 Iron Casting
32:55 Farimba
33:20 Conscription
33:42 Crop Rotation
33:58 Plate Barding Armor
32:50 Cavalier
33:37 Town Watch
38:54 Chemistry
38:15 Ballistics
38:12 Masonry
37:51 Treadmill Crane
42:40 Fletching
42:51 Scale Mail Armor
42:51 Padded Archer Armor
42:53 Squires
42:14 Pikeman
42:39 Arson
43:28 Architecture
42:54 Murder Holes
43:10 Fortified Wall
45:30 Coinage
45:11 Guilds
[CL] ßitokø × 1876
6:00 Loom
9:14 Feudal Age
11:25 Fletching
15:15 Padded Archer Armor
19:02 Wheelbarrow
22:29 Castle Age
21:21 Double-Bit Axe
21:26 Gold Mining
22:40 Crossbowman
23:25 Bodkin Arrow
26:20 Ballistics
29:30 Hand Cart
30:26 Horse Collar
34:13 Stone Mining
34:39 Bow Saw
34:29 Heavy Plow
40:21 Imperial Age
38:37 Leather Archer Armor
38:27 Scale Barding Armor
39:05 Gold Shaft Mining
39:49 Forging
39:22 Treadmill Crane
40:14 Scale Mail Armor
41:33 Bracer
42:35 Chemistry
42:06 Elite Ratha (Ranged)
43:08 Conscription
44:09 Ring Archer Armor
44:35 Chain Mail Armor
44:55 Iron Casting
45:21 Two-Man Saw
45:03 Paiks
HR nomadplayer
6:19 Loom
8:46 Feudal Age
12:22 Fletching
20:51 Castle Age
19:53 Gold Mining
21:27 Bodkin Arrow
20:53 Crossbowman
24:19 Double-Bit Axe
26:11 Horse Collar
26:42 Bow Saw
29:46 Heavy Plow
32:28 Wheelbarrow
35:12 Imperial Age
33:46 Thumb Ring
33:34 Stone Mining
34:33 Ballistics
37:22 Chemistry
36:45 Bracer
36:45 Padded Archer Armor
37:50 Hand Cart
37:21 Town Watch
38:44 Leather Archer Armor
OS+ | FaNaTiick
6:38 Loom
9:13 Feudal Age
9:50 Double-Bit Axe
9:57 Horse Collar
18:17 Castle Age
18:43 Wheelbarrow
19:12 Bow Saw
19:02 Heavy Plow
21:13 Stone Mining
21:14 Gold Mining
21:51 Hand Cart
23:56 Town Watch
25:15 Gold Mining
26:59 Fletching
27:45 Bodkin Arrow
28:11 Ballistics
30:28 Imperial Age
29:37 Gold Shaft Mining
29:47 Bodkin Arrow
29:52 Padded Archer Armor
30:33 Caravan
31:31 Conscription
32:18 Bracer
32:42 Ballistics
32:17 Capped Ram
33:41 Siege Ram
34:40 Scale Mail Armor
34:50 Forging
34:41 Squires
34:26 Arson
34:29 Gambesons
35:09 Sanctity
35:01 Fervor
36:20 Chain Mail Armor
37:12 Iron Casting
37:02 Fereters
38:06 Plate Mail Armor
39:15 Hoardings
38:51 Masonry
39:42 Chemistry
38:38 Murder Holes
39:00 Leather Archer Armor
39:18 Town Patrol
40:29 Blast Furnace
42:46 Man-at-Arms
43:42 Leather Archer Armor
43:35 Long Swordsman
44:06 Two-Handed Swordsman
44:41 Champion
Connection lost

Rejoining the realm…

Still unreachable

The connection could not be restored.

Session expired

The server has moved on; the page needs a fresh start.